 Dungeon Crawl Stone Soup version 0.21.1-1-g345015f (webtiles) character file.

68 Kagorn the Covered (level 4, 0/35 HPs)
             Began as a Human Fighter on June 9, 2018.
             Slain by a sky beast (5 damage)
             ... on level 2 of the Dungeon.
             The game lasted 00:07:16 (994 turns).

Kagorn the Covered (Human Fighter)                   Turns: 994, Time: 00:07:17

Health: 0/35       AC:  6    Str: 17    XL:     4   Next: 41%
Magic:  4/4        EV:  7    Int:  8    God:
Gold:   83         SH:  9    Dex: 13    Spells: 3/3 levels left

rFire    . . .     SeeInvis .   i - +2 dagger (speed)
rCold    . . .     Gourm    .   c - +0 shield
rNeg     . . .     Faith    .   b - +0 scale mail
rPois    .         Spirit   .   (no helmet)
rElec    .         Reflect  .   (no cloak)
rCorr    .         Harm     .   (no gloves)
MR       .....                  (no boots)
Stlth    ..........             (no amulet)
HPRegen  0.11/turn              (no ring)
MPRegen  0.09/turn              (no ring)

@: no status effects
A: no striking features
a: no special abilities


You were on level 2 of the Dungeon.
You were not hungry.

You visited 1 branch of the dungeon, and saw 2 of its levels.

You collected 83 gold pieces.

Inventory:

Hand Weapons
 a - a +0 long sword
 i - a +2 dagger of speed (weapon)
Armour
 b - a +0 scale mail (worn)
 c - a +0 shield (worn)
Jewellery
 o - a +5 ring of strength {unknown}
Scrolls
 e - a scroll of magic mapping {unknown}
 g - a scroll of identify {unknown}
 h - 2 scrolls of teleportation {unknown}
 n - a scroll of fog {unknown}
Potions
 d - a potion of might
 j - 2 potions of curing {unknown}
 k - a potion of magic {unknown}
 l - 2 potions of haste {unknown}
 m - a potion of mutation {unknown}
 p - a potion of lignification {unknown}
 q - a potion of degeneration {unknown}
Comestibles
 f - 4 rations


   Skills:
 + Level 3.3 Fighting
 + Level 0.7(1.5) Short Blades
 - Level 2.2(2.3) Long Blades
 + Level 3.4 Armour
 + Level 1.3 Dodging
 + Level 1.2 Stealth
 + Level 3.3 Shields


You had 3 spell levels left.
You didn't know any spells.

Dungeon Overview and Level Annotations

Branches:
Dungeon (2/15)

Altars:


Message History

The sky beast is moderately wounded.
You block the sky beast's attack.
You closely miss the sky beast.
The sky beast is moderately wounded.
The sky beast flickers out of sight!
Deactivating autopickup; reactivate with Ctrl-A.
Something completely misses you.
You miss something. You barely miss something. You block something's attack.
You hit something. Something hits you but does no damage.
You miss something. You hit something.
A sky beast appears from thin air!
Reactivating autopickup.
You block the sky beast's attack.
You barely miss the sky beast.
The sky beast is moderately wounded.
The sky beast hits you.
* * * LOW HITPOINT WARNING * * *
The sky beast shocks you.
You die...

#...... ...#...... .......
#.#...... ###.......
#........ #.........
#.#...... ####..r######
.##........ #.....##
#.#..##..... #.##..#
#.#..#......
###....#########.#....#....
#........Y@...>......##....
##..############.##.########
#..## #.##.## # #.##
##.....##
#.#############...##..##
#......................#####
#################.#.#.#.#.#.
#).......(..# ##.#.#.#.#.#.


You could see a sky beast.

Vanquished Creatures
  2 adders (D:2)
  An ooze (D:2)
  A worm (D:2)
  A dart slug (D:1)
  A leopard gecko (D:2)
  9 bats
  A giant cockroach (D:1)
  3 goblins (D:1)
  5 hobgoblins
  2 jackals (D:2)
  6 kobolds
  A quokka (D:2)
  6 frilled lizards
  3 rats (D:2)
42 creatures vanquished.

Notes
Turn   | Place    | Note
-------+----------+-------------------------------------------
     0 | D:1      | Kagorn the Human Fighter began the quest for the Orb.
     0 | D:1      | Reached XP level 1. HP: 18/18 MP: 1/1
    88 | D:1      | Reached XP level 2. HP: 24/24 MP: 2/2
   232 | D:1      | Reached XP level 3. HP: 22/29 MP: 3/3
   507 | D:1      | Reached skill level 1 in Dodging
   661 | D:2      | Reached XP level 4. HP: 21/35 MP: 4/4
   662 | D:2      | Reached skill level 1 in Stealth
   945 | D:2      | Noticed a sky beast
   994 | D:2      | Slain by a sky beast

Skill      XL: |  1  2  3  4 |
---------------+-------------+-----
Dodging        | 1 |  1.3
Stealth        | 1 |  1.2
Fighting       | |  3.3
Short Blades   | |  0.7
Long Blades    | |  2.2
Armour         | |  3.4
Shields        | |  3.3

Action                   |  1- 3 |  4- 6 || total
-------------------------+-------+-------++-------
Melee: Long sword        |    26 |       ||    26
       Dagger            |    64 |    72 ||   136
Armor: Scale mail        |    63 |    26 ||    89
Dodge: Dodged            |    39 |    19 ||    58
Block: Shield            |    60 |    34 ||    94
       Rpst.: Long sword |     5 |       ||     5
